 Dungeon Crawl Stone Soup version 0.28.0-43-g3370ac3207 (webtiles) character file.

Game seed: 242301323611247236

44713 Narvad the Thaumaturge (level 13, -1/111 HPs)
             Began as a Pale Draconian Conjurer on Mar 14, 2022.
             Was a High Priest of Ashenzari.
             Shot with an arrow by a centaur warrior (23 damage)
             ... on level 14 of the Dungeon.
             The game lasted 04:36:04 (21519 turns).

Narvad the Thaumaturge (Pale Draconian Conjurer)   Turns: 21519, Time: 04:36:04

Health: -1/111     AC:  0    Str: 11    XL:     13   Next: 97%
Magic:  5/28       EV: 16    Int: 22    God:    Ashenzari [*****.]
Gold:   618        SH:  0    Dex: 10    Spells: 0/35 levels left

rFire   . . .      SeeInvis +   (weapon currently unavailable)
rCold   . . .      Faith    .   (shield currently unavailable)
rNeg    . . .      Spirit   .   (armour unavailable)
rPois   .          Reflect  .   (helmet currently unavailable)
rElec   .          Harm     .   (cloak currently unavailable)
rCorr   .          Rampage  .   (gloves currently unavailable)
Will    .....      Clarity  +   (boots currently unavailable)
Stlth   +++.......              U - amulet "Share My Repose" {Regen+, Elem, Cun} (curse)
HPRegen 1.08/turn               (ring currently unavailable)
MPRegen 0.21/turn               (ring currently unavailable)

@: pig-form, slowed, studying Short Blades
A: fast, no casting, (breathe steam), AC +8, small, unfitting armour,
(cold-blooded), (steam resistance)
a: Renounce Religion, Curse Item, Shatter the Chains


You were on level 14 of the Dungeon.
You worshipped Ashenzari.
Ashenzari was extremely pleased with you.
You were a filthy swine.
You visited 3 branches of the dungeon, and saw 19 of its levels.

You collected 1300 gold pieces.
You spent 682 gold pieces at shops.

Inventory:

Hand Weapons
 v - the cursed +12 flail of the Prophetic Regret (melded) {vorpal, *Rage Fragile rN+ Int+6, Alch, Bglg}
   (You found it on level 2 of the Lair of Beasts)

   It inflicts extra damage upon your enemies.
   Int:       It affects your intelligence (+6).
   rN:        It protects you from negative energy.
   *Rage:     It berserks you when you make melee attacks (+20% chance).
   Fragile:   It will be destroyed if unequipped.
   It has a curse which improves the following skills: Alchemy: Poison Magic and
   Transmutations.
   Beguiling: Conjurations, Hexes and Translocations.
 P - the +11 short sword of Fatigue {chaos, rC+ Dex+8}
   (You found it on level 11 of the Dungeon)

   Each time it hits an enemy it has a different, random effect.
   Dex:       It affects your dexterity (+8).
   rC:        It protects you from cold.
Armour
 k - the cursed +2 pair of gloves "Stars of the Sky" (melded) {Bglg, Evo}
   (You found it on level 1 of the Dungeon)

   It has a curse which improves the following skills: Beguiling: Conjurations,
   Hexes and Translocations.
   Evocations: Evocations.
 m - the cursed orb "Chained Together" (melded) {guile, Cun, Self}
   (You found it on level 3 of the Dungeon)

   It has a curse which improves the following skills: Cunning: Dodging and
   Stealth.
   Introspection: Fighting and Spellcasting.
 s - the cursed +0 cloak of Desmomancy (melded) {Cun, Evo}
   (You found it on level 4 of the Dungeon)

   It has a curse which improves the following skills: Cunning: Dodging and
   Stealth.
   Evocations: Evocations.
 y - a scarf of repulsion
 R - the cursed +0 pair of boots "Soothsayer of Ashenzari" (melded) {Elem, Comp}
   (You found it on level 7 of the Dungeon)

   It has a curse which improves the following skills: Elements: Fire Magic, Ice
   Magic, Air Magic and Earth Magic.
   Companions: Summonings and Necromancy.
 W - a +0 pair of gloves
Magical Staves
 e - a staff of air
 X - a staff of conjuration
Jewellery
 a - a ring of fire
 b - a ring of magical power
 g - the ring of the Archfiend (melded) {rElec rF+ Int+4 Dex+8 Stlth-}
   (You found it on level 3 of the Lair of Beasts)

   [ring of protection from fire]

   Int:       It affects your intelligence (+4).
   Dex:       It affects your dexterity (+8).
   rF:        It protects you from fire.
   rElec:     It insulates you from electricity.
   Stlth:     It makes you less stealthy.
 M - a ring of flight
 S - a ring of positive energy
 T - the cursed ring of Supernal Understanding (melded) {rPois Dex+5, Elem, Bglg}
   (You found it on level 7 of the Dungeon)

   [ring of poison resistance]

   Dex:       It affects your dexterity (+5).
   rPois:     It protects you from poison.
   It has a curse which improves the following skills: Elements: Fire Magic, Ice
   Magic, Air Magic and Earth Magic.
   Beguiling: Conjurations, Hexes and Translocations.
 U - the cursed amulet "Share My Repose" (around neck) {Regen+, Elem, Cun}
   (You found it on level 7 of the Dungeon)

   [amulet of regeneration]

   Regen:     It increases your rate of health regeneration.
   It has a curse which improves the following skills: Elements: Fire Magic, Ice
   Magic, Air Magic and Earth Magic.
   Cunning:   Dodging and Stealth.
Wands
 i - a wand of paralysis (3)
 l - a wand of charming (5)
 r - a wand of polymorph (8)
 x - a wand of iceblast (18)
 A - a wand of mindburst (17)
 G - a wand of acid (2)
 K - a wand of digging (3)
 L - a wand of flame (19)
Scrolls
 j - 3 scrolls of enchant armour
 o - 4 scrolls of enchant weapon
 p - 6 scrolls of fog
 q - 2 scrolls of summoning
 z - a scroll of amnesia
 B - 2 scrolls of magic mapping
 C - 2 scrolls of blinking
 D - a scroll of silence
 N - 2 scrolls of teleportation
 V - 3 scrolls of holy word
Potions
 c - 2 potions of invisibility
 f - 14 potions of curing
 n - 2 potions of flight
 t - a potion of heal wounds
 u - 3 potions of cancellation
 w - 4 potions of ambrosia
 F - 3 potions of brilliance
 I - a potion of magic
 Q - 3 potions of might
Miscellaneous
 E - a phial of floods (inert)
 Y - a box of beasts
 Z - a phantom mirror


   Skills:
 - Level 9.0 Fighting
 - Level 4.0 Short Blades
 - Level 4.0 Maces & Flails
 - Level 4.1(6.3) Dodging
 - Level 3.5(5.5) Stealth
 - Level 11.7 Spellcasting
 - Level 9.5 Conjurations
 - Level 5.7 Hexes
 - Level 2.1 Summonings
 - Level 2.0 Transmutations
 - Level 5.5(7.8) Fire Magic
 - Level 5.0(7.3) Air Magic
 + Level 8.7(11.0) Earth Magic
 - Level 9.0 Poison Magic
 - Level 3.4 Evocations


You couldn't memorise any spells.
You knew the following spells:

 Your Spells              Type           Power      Damage    Failure   Level
a - Magic Dart            Conj           100%       1d8       1%          1
b - Searing Ray           Conj           100%       2d8       1%          2
c - Mephitic Cloud        Conj/Pois/Air  50%        N/A       1%          3
d - Dazzling Flash        Conj/Hex       92%        N/A       1%          3
e - Ignite Poison         Fire/Tmut/Pois 40%        N/A       1%          3
f - Passwall              Tmut/Erth      34%        N/A       1%          2
g - Stone Arrow           Conj/Erth      100%       3d13      1%          3
h - Summon Small Mammal   Summ           88%        N/A       2%          1
i - Olgreb's Toxic Radia  Pois           51%        N/A       1%          4
j - Fulminant Prism       Conj/Hex       23%        3d13      2%          4
k - Cause Fear            Hex            19%        N/A       4%          4
l - Iron Shot             Conj/Erth      27%        9d6       12%         6

Your spell library contained the following spells:

 Spells                   Type           Power      Damage    Failure   Level
 Sandblast                Erth           100%       2d20      1%          1
 Sting                    Tmut/Pois      100%       1d8       1%          1
 Poisonous Vapours        Pois/Air       96%        N/A       1%          2
 Lee's Rapid Deconstruct  Erth           28%        3d16*     1%          5
 Animate Skeleton         Necr           24%        N/A       4%          1
 Apportation              Tloc           24%        N/A       4%          1
 Portal Projectile        Hex/Tloc       50%        N/A       4%          3
 Iskenderun's Mystic Bla  Conj/Tloc      33%        2d8       7%          4
 Freezing Cloud           Conj/Ice/Air   18%        6-21      14%         5
 Blade Hands              Tmut           10%        N/A       52%         5
 Excruciating Wounds      Necr           6%         N/A       80%         5
 Dragon Form              Tmut           10%        N/A       100%        7
 Dragon's Call            Summ           11%        N/A       100%        9
 Shatter                  Erth           28%        3d24*     100%        9
 Animate Armour           Summ/Erth      Unusable   N/A       N/A         4

Dungeon Overview and Level Annotations

Branches:
Dungeon (13/15)            Temple (1/1) D:7            Lair (4/6) D:9
  Swamp (0/4) Lair:4        Snake (0/4) Lair:4          Orc (0/2) D:12
 Vaults: D:13-14

Altars:
Ashenzari
Cheibriados
Dithmenos
Elyvilon
Fedhas
Gozag
Hepliaklqana
Kikubaaqudgha
Makhleb
Nemelex Xobeh
Okawaru
Qazlal
Ru
Sif Muna
Trog
Uskayaw
Vehumet
Wu Jian
Xom
Yredelemnul
Zin
The Shining One
Ignis

Shops:
D:1 !:

Portals:
Abyss: Lair:1

Annotations:
D:8 !SixHydra
D:12 Kirke
Lair:1 2 transporters, LetschGu's ghost, journeyman OpDe
Lair:3 2 transporters, Araneus's ghost, journeyman DsFi


Innate Abilities, Weirdness & Mutations

You are a filthy swine.
You move quickly.
Your equipment is almost entirely melded.
You are incapable of wielding weapons or throwing items.
You cannot cast spells.
((You can breathe blasts of scalding, opaque steam.))
((Your pale cyan-grey scales are hard. (AC +8)))
You cannot fit into any form of body armour.
((You are cold-blooded and may be slowed by cold attacks.))
((You are immune to the effects of steam.))


Message History

The hog looks even sicker.
The hog looks as sick as possible!
The hog bites you! The hog completely misses you. The hog bites you!
There is a stone staircase leading up, spattered with blood here.
Kirke looks as sick as possible!
The hog looks even sicker.
The hog looks as sick as possible!
The hog looks even sicker. x2
The hog bites you. The hog barely misses you. Kirke hits you!
The hog bites you. The hog bites you!
* * * LOW HITPOINT WARNING * * *
The hog barely misses you.
You climb upwards.
The hog looks as sick as possible!
You kill the hog!
There is a stone staircase leading down here.
As you read the scroll of fear, it crumbles to dust.
You assume a fearsome visage.
The hog looks frightened! x2
Kirke looks frightened!
The hog looks frightened!
Your attack snaps the hog out of its fear.
The hog looks even sicker.
Your attack snaps the hog out of its fear.
Your attack snaps Kirke out of her fear.
Your attack snaps the hog out of its fear.
Your toxic aura wanes.
You kill the hog!
Kirke hits you!
* * * LOW HITPOINT WARNING * * *
Kirke points at you and mumbles some strange words.
You struggle to resist.
Kirke gestures at you while chanting.
You feel yourself slow down.
There is a shaft here.
Really dive through this shaft in the floor?
You fall into a shaft and drop 2 floors!
The shaft crumbles and collapses.
The centaur warrior shouts!
The centaur warrior wields a +1 shortbow of freezing.
It is covered in frost.
The centaur warrior shoots an arrow.
The arrow closely misses you.
The centaur warrior shoots an arrow.
The arrow barely misses you. As you open the door, it creaks loudly!
The centaur warrior shoots an arrow.
The arrow hits you!!
You die...

,, ,,, , , ,
,,,, * , + * ,,
, ,* ,,, , , ,
, ∆ ,* ,, , ,
*, ∆ , , ,* * *
* *######### *
, * ......### *
, ,
########'###***
+ #.......h..#
** *** ,
#..........# *
** ,*
#..........#* *
,⌠ #..........#
,,, , *
#..c.......# *
, * , *
#..........# **
* *
#..........# **
**,
#..........# ,
, , ,, ,, , **
,,,


You could see a centaur warrior.

Vanquished Creatures
  Rupert (D:12)
  Azrael (D:12)
  3 hydras
  A catoblepas (Lair:2)
  Erica (D:10)
  3 two-headed ogres
  7 death yaks
  The ghost of kthxbai the Black Sun, a novice DsNe of Kikubaaqudgha (D:9)
  A harpy (shapeshifter) (D:13)
  Pikel (D:5)
  An ugly thing (D:13)
  A cyclops (D:7)
  2 manticores
  4 black mambas
  A gargoyle (D:7)
  2 torpor snails
  The ghost of Zippel the Slasher, a novice MfWn (D:4)
  5 cane toads
  An unseen horror (D:13)
  7 komodo dragons
  A kobold demonologist (D:9)
  A rime drake (Lair:4)
  3 trolls
  A polar bear (Lair:4)
  A hornet (D:11)
  Prince Ribbit (D:5)
  The ghost of P0WERM0DE the Chiller, an amateur DgIE (D:5)
  A slime creature (D:7)
  20 blink frogs
  6 dream sheep (Lair:4)
  3 shadows
  A ynoxinul (D:9)
  A vampire (D:11)
  3 fire elementals (D:12)
  A wraith (D:7)
  A steam dragon (D:9)
  46 yaks
  3 basilisks
  4 vampire mosquitoes
  A wyvern (Lair:3)
  2 hogs (D:12)
  4 acid dragons
  9 water moccasins
  3 hell hounds (D:12)
  4 orc warriors
  A sky beast (D:6)
  2 ice beasts
  A black bear (Lair:2)
  An ogre (D:6)
  A necrophage (D:5)
  20 wolves
  2 centaurs
  5 phantoms
  4 kobold brigands
  A wyvern zombie (D:7)
  2 gnoll sergeants
  13 bullfrogs
  6 scorpions
  A wyvern skeleton (D:7)
  2 troll zombies (D:12)
  2 electric eels
  13 howler monkeys
  2 centaur zombies
  A bullfrog zombie (D:6)
  7 hounds
  2 bullfrog skeletons (D:5)
  7 orc priests
  A centaur skeleton (D:6)
  4 gnoll shamans
  3 iguanas
  5 orc wizards
  4 ogre zombies (D:12)
  A hound zombie (D:5)
  2 howler monkey zombies (D:9)
  23 gnolls
  6 adders
  A white imp (D:6)
  An adder zombie (D:5)
  2 worms
  A dart slug (D:4)
  28 orcs
  8 bats
  15 endoplasms
  2 giant cockroaches
  5 goblins
  6 hobgoblins
  4 ball pythons (D:2)
  4 frilled lizards
  A goblin skeleton (D:12)
  2 goblin zombies (D:12)
  2 hobgoblin skeletons (D:12)
  16 kobolds
  An orc skeleton (D:12)
  13 orc zombies (D:12)
  8 rats
432 creatures vanquished.

Vanquished Creatures (collateral kills)
  An ugly thing (D:6)
1 creature vanquished.

Vanquished Creatures (others)
  A human (D:4)
  A bush (Lair:2)
  6 fulminant prisms
  20 fungi
  59 plants
87 creatures vanquished.

Grand Total: 520 creatures vanquished

Notes
Turn   | Place    | Note
-------+----------+-------------------------------------------
     0 | D:1      | Narvad the Draconian Conjurer began the quest for the Orb.
     0 | D:1      | Reached XP level 1. HP: 14/14 MP: 3/3
   315 | D:1      | Reached XP level 2. HP: 20/20 MP: 3/5
   681 | D:1      | Found Ceun's Distillery.
   686 | D:1      | Bought a potion of curing for 42 gold pieces
   710 | D:1      | Learned a level 2 spell: Searing Ray
   901 | D:1      | Found Paolan's Book Boutique.
  1364 | D:2      | Reached XP level 3. HP: 26/26 MP: 2/6
  1538 | D:2      | Found a faded altar of an unknown god.
  2599 | D:3      | Reached XP level 4. HP: 33/33 MP: 5/8
  2669 | D:3      | Reached skill level 3 in Spellcasting
  2693 | D:3      | Reached skill level 1 in Fighting
  2693 | D:3      | Reached skill level 5 in Conjurations
  2849 | D:3      | Found a broken altar of Ashenzari.
  2857 | D:3      | Became a worshipper of Ashenzari the Shackled
  3072 | D:4      | Reached XP level 5. HP: 30/42 MP: 1/9
  3657 | D:4      | Found an ancient bone altar of Kikubaaqudgha.
  3657 | D:4      | Noticed a human
  3661 | D:4      | Killed a human
  3716 | D:4      | Reached XP level 6. HP: 52/52 MP: 4/10
  3810 | D:4      | Found a white marble altar of Elyvilon.
  4093 | D:4      | Found a runed translucent gate.
  4093 | D:4      | Found a runed translucent gate.
  4095 | D:4      | Found a runed translucent gate.
  4097 | D:4      | Noticed Zippel's ghost (novice MfWn)
  4215 | D:4      | Reached skill level 1 in Air Magic
  4215 | D:4      | Reached skill level 1 in Poison Magic
  4366 | D:5      | Entered Level 5 of the Dungeon
  4405 | D:5      | Noticed an ice beast
  4594 | D:5      | Your scales start taking on a pale cyan-grey colour.
  4594 | D:5      | Reached XP level 7. HP: 54/59 MP: 3/12
  4594 | D:5      | Gained mutation: You are immune to the effects of steam.
                  | [Pale Draconian growth]
  4657 | D:5      | Found a stormy altar of Qazlal.
  4685 | D:5      | Found a runed translucent door.
  4685 | D:5      | Noticed P0WERM0DE's ghost (amateur DgIE)
  4720 | D:5      | Reached skill level 4 in Spellcasting
  4732 | D:5      | Found a glowing golden altar of the Shining One.
  5013 | D:5      | Reached skill level 5 in Fighting
  5013 | D:5      | Reached XP level 8. HP: 68/68 MP: 3/14
  5024 | D:5      | Found an opulent altar of Gozag.
  5171 | D:5      | Noticed Prince Ribbit
  5176 | D:5      | Killed Prince Ribbit
  5187 | D:5      | Learned a level 3 spell: Mephitic Cloud
  5210 | D:5      | Noticed Pikel
  5224 | D:5      | Killed Pikel
  5225 | D:5      | Reached skill level 5 in Air Magic
  5593 | D:5      | Reached XP level 9. HP: 77/77 MP: 13/15
  5608 | D:5      | Reached * piety under Ashenzari
  5792 | D:5      | Learned a level 3 spell: Dazzling Flash
  5796 | D:5      | Learned a level 3 spell: Ignite Poison
  5982 | D:6      | Identified the +1 leather armour of the Evening {rF+}
  6129 | D:6      | Reached skill level 1 in Short Blades
  6209 | D:6      | Reached skill level 1 in Transmutations
  6465 | D:6      | Reached ** piety under Ashenzari
  7073 | D:7      | Reached skill level 5 in Fire Magic
  7172 | D:7      | Noticed a cyclops
  7172 | D:7      | Noticed a two-headed ogre
  7172 | D:7      | Noticed a red ugly thing
  7207 | D:7      | Killed a two-headed ogre
  7297 | D:7      | Found a staircase to the Ecumenical Temple.
  7304 | D:7      | Reached *** piety under Ashenzari
  7313 | Temple   | Entered the Ecumenical Temple
  7607 | D:7      | Reached skill level 1 in Evocations
  7609 | D:7      | Reached skill level 1 in Hexes
  7755 | D:7      | Reached XP level 10. HP: 78/88 MP: 12/16
  8331 | D:7      | Killed a cyclops
  8332 | D:7      | Reached skill level 5 in Spellcasting
  8545 | D:1      | Bought a Young Poisoner's Handbook for 220 gold pieces
  8545 | D:1      | Bought a book of Geomancy for 198 gold pieces
  8545 | D:1      | Bought a book of Cantrips for 132 gold pieces
  8548 | D:1      | Learned a level 2 spell: Passwall
  8552 | D:1      | Learned a level 3 spell: Stone Arrow
  8554 | D:1      | Learned a level 1 spell: Summon Small Mammal
  8719 | D:5      | Killed P0WERM0DE's ghost
  9467 | D:7      | Noticed a gargoyle
  9484 | D:7      | Killed a gargoyle
  9485 | D:7      | Reached skill level 1 in Earth Magic
  9638 | D:7      | Noticed a manticore
  9669 | D:7      | Killed a manticore
  9682 | D:7      | Identified the ring "Plog" {rPois Dex+5}
 10140 | D:8      | Found a bloodstained altar of Trog.
 10280 | D:8      | Reached skill level 5 in Poison Magic
 11005 | D:9      | Found Zin's Purification Station.
 11005 | D:9      | Found a glowing silver altar of Zin.
 11005 | D:9      | Found a runed translucent door.
 11016 | D:8      | Reached skill level 1 in Summonings
 11038 | D:9      | Noticed a six-headed hydra
 11327 | D:9      | Noticed kthxbai's ghost (novice DsNe)
 11344 | D:9      | Reached skill level 6 in Spellcasting
 11394 | D:9      | Bought a potion of curing for 90 gold pieces
 11452 | D:9      | Found a staircase to the Lair.
 11508 | D:9      | Found a shimmering blue altar of Sif Muna.
 11787 | D:9      | Identified the Tome of the Mountains
 11907 | D:9      | Reached **** piety under Ashenzari
 12100 | D:4      | Killed Zippel's ghost
 12456 | D:6      | Killed a red ugly thing
 12457 | D:6      | Reached XP level 11. HP: 72/94 MP: 14/20
 12596 | D:10     | Entered Level 10 of the Dungeon
 12706 | D:10     | Noticed Erica
 12724 | D:10     | Killed Erica
 13010 | D:10     | Reached skill level 7 in Spellcasting
 13182 | D:10     | Found a hazy altar of Hepliaklqana.
 13721 | D:11     | Reached ***** piety under Ashenzari
 13729 | D:11     | Learned a level 4 spell: Olgreb's Toxic Radiance
 13737 | D:11     | Noticed a two-headed ogre
 13768 | D:11     | Killed a two-headed ogre
 14446 | D:11     | Noticed a two-headed ogre
 14447 | D:11     | Noticed a two-headed ogre
 14448 | D:11     | Noticed a five-headed hydra
 14459 | D:11     | Killed a five-headed hydra
 14709 | D:11     | Identified the +11 short sword of Fatigue {chaos, rC+
                  | Dex+8}
 14721 | D:11     | Killed a two-headed ogre
 14964 | D:12     | Reached skill level 8 in Spellcasting
 14981 | D:12     | Found a staircase to the Orcish Mines.
 15096 | D:12     | Noticed an eight-headed hydra
 15148 | D:12     | Noticed Rupert
 15315 | D:12     | Reached XP level 12. HP: 103/103 MP: 9/24
 15701 | D:12     | Noticed Azrael
 15809 | D:11     | Learned a level 4 spell: Fulminant Prism
 15969 | Lair:1   | Entered Level 1 of the Lair of Beasts
 15969 | Lair:1   | Found a transporter.
 15977 | Lair:1   | Found a one-way gate to the infinite horrors of the Abyss.
 15977 | Lair:1   | Noticed LetschGu's ghost (journeyman OpDe)
 16032 | Lair:1   | Noticed a four-headed hydra
 16467 | Lair:1   | Learned a level 4 spell: Cause Fear
 16810 | Lair:1   | Found a transporter.
 16984 | Lair:1   | Killed a four-headed hydra
 17014 | Lair:2   | Reached skill level 5 in Hexes
 17211 | Lair:2   | Noticed a catoblepas
 17254 | Lair:2   | Killed a catoblepas
 17270 | Lair:2   | Reached skill level 9 in Spellcasting
 17452 | Lair:2   | Identified the +12 flail of Logguk {vorpal, *Rage Fragile
                  | rN+ Int+6}
 17618 | Lair:2   | Noticed a death yak
 17618 | Lair:2   | Noticed a death yak
 17623 | Lair:2   | Killed a death yak
 17623 | Lair:2   | Killed a death yak
 18169 | Lair:3   | Found a transporter.
 18173 | Lair:3   | Found a transporter.
 18183 | Lair:3   | Noticed Araneus's ghost (journeyman DsFi)
 18200 | Lair:3   | Identified the ring of the Archfiend {rElec rF+ Int+4 Dex+8
                  | Stlth-}
 18496 | Lair:3   | Reached skill level 5 in Earth Magic
 18785 | Lair:4   | Noticed a death yak
 18785 | Lair:4   | Noticed a death yak
 18785 | Lair:4   | Noticed a death yak
 18785 | Lair:4   | Noticed a death yak
 18786 | Lair:4   | Noticed a death yak
 18790 | Lair:4   | Killed a death yak
 18790 | Lair:4   | Killed a death yak
 18791 | Lair:4   | Reached skill level 10 in Spellcasting
 18791 | Lair:4   | Reached XP level 13. HP: 116/116 MP: 13/29
 19007 | Lair:3   | Reached skill level 1 in Maces & Flails
 19247 | Lair:4   | Found a staircase to the Snake Pit.
 19472 | Lair:4   | Learned a level 6 spell: Iron Shot
 19782 | Lair:4   | Found a staircase to the Swamp.
 19824 | Lair:4   | Reached skill level 11 in Spellcasting
 20446 | D:9      | Killed kthxbai's ghost
 20748 | D:12     | Killed Rupert
 21265 | D:12     | Killed Azrael
 21342 | D:13     | Noticed Kirke
 21516 | D:12     | You fall into a shaft and drop 2 floors!
 21519 | D:14     | Shot with an arrow by a centaur warrior

Illustrated notes

Levels and vault maps discovered:
D:1:      psy_arrival_dodecagon, layout_basic, serial_shops,
          nicolae_shop_hallway_stairs, nicolae_shop_behind_doors,
          serial_bayou_pond_e
D:2:      layout_basic, hellmonk_ecumenical_altar_crossroads
D:3:      layout_rooms, mainiacjoe_overflow_paths
D:4:      layout_loops_ring, tgw_kikubaaqudgha, lemuel_crystal_altar,
          gammafunk_ghost_nasty_kobolds
D:5:      layout_loops_ring, mainiacjoe_overflow_brackets,
          nicolae_qazlal_general_emergency,
          mainiacjoe_overflow_concentric_impassable,
          hellmonk_ghost_happy_afterlife, minmay_manual_macuahuitl,
          uniq_prince_ribbit1, uniq_pikel
D:6:      layout_basic
D:7:      minmay_the_grid_plus [minmay_the_grid_stretched_grid,
          minmay_the_grid_large_cup, minmay_the_grid_empty,
          minmay_the_grid_dragon_a, minmay_the_grid_prize_shrinking_boxes],
          layout_basic, minmay_temple_entry_grid, serial_rivers,
          chequers_serial_rivers_micro_e, chequers_serial_rivers_small_3,
          chequers_serial_rivers_micro_d, chequers_serial_rivers_micro_e
D:8:      layout_layer_cave, mainiacjoe_overflow_alcove_2
D:9:      layout_rooms, zin_purify, kennysheep_orc_sif_temple,
          dpeg_oklobed_lair, hellmonk_ghost_big_iron
D:10:     layout_long_grid, worldfamousw_hep_ancestral_shrine,
          amcnicky_mini_rare_corridor_liquid, minmay_unpleasant_kobolds,
          uniq_erica
D:11:     minmay_spotlight, layout_rooms
D:12:     layout_irregular_city, zombieorc1_lemuel, uniq_rupert, uniq_azrael
D:13:     layout_basic, grunt_vaults_entry_tiered, serial_shops, shop,
          due_unseen_surprise, uniq_kirke
D:14:     layout_roguey [special_room_orc], nemelex_altar_shiori, serial_shops,
          nicolae_lakefront_shop, maelrawn_ghost_gauntlet_escape, uniq_jorgrun
Temple:   ebering_untended_altars
Lair:1:   layout_loops_ring, gammafunk_ghost_abyssal_escape, minivault_24
Lair:2:   layout_hall_layers, nicolae_lair_grazing_beasts
          [nicolae_sub_lair_graze_edge, nicolae_sub_lair_graze_edge,
          nicolae_sub_lair_graze_edge, nicolae_sub_lair_graze_edge],
          grunt_megastairs_5, serial_bayou_shore_b
Lair:3:   layout_regular_city, gammafunk_ghost_hive
Lair:4:   layout_loops_ring, swamp_mist, dummy_snake_entry, serial_bayou_pond_b,
          beast_lair_carwin_5, grunt_megastairs_3

Skill      XL: |  1  2  3  4  5  6  7  8  9 10 11 12 13 |
---------------+----------------------------------------+-----
Dodging        | 2 3 4 |  4.1
Stealth        | 2 3 |  3.5
Spellcasting   | 3 4 6 8 10 11 | 11.7
Fighting       | 2 3 4 5 6 8 9 |  9.0
Conjurations   | 5 6 7 9 |  9.5
Air Magic      | 2 4 5 |  5.0
Poison Magic   | 2 3 4 5 8 9 |  9.0
Fire Magic     | 4 5 |  5.5
Short Blades   | 4 |  4.0
Transmutations | 2 |  2.0
Evocations     | 2 3 |  3.4
Hexes          | 1 3 5 |  5.7
Earth Magic    | 2 4 5 8 |  8.7
Summonings     | 2 |  2.1
Maces & Flails | 4 |  4.0

Action                   |  1- 3 |  4- 6 |  7- 9 | 10-12 | 13-15 || total
-------------------------+-------+-------+-------+-------+-------++-------
Melee: Unarmed           |    12 |       |       |       |       ||    12
       Punch             |     1 |       |       |       |       ||     1
       Dagger            |     1 |       |       |       |       ||     1
       Rapier            |       |     1 |    13 |    69 |       ||    83
       Tailslap          |       |       |     2 |    18 |     5 ||    25
       Flail             |       |       |       |    16 |    47 ||    63
 Cast: Magic Dart        |    78 |    48 |    48 |    40 |     3 ||   217
       Searing Ray       |     4 |    21 |    39 |    15 |       ||    79
       Mephitic Cloud    |       |       |     3 |    29 |     5 ||    37
       Ignite Poison     |       |       |     2 |    42 |    22 ||    66
       Stone Arrow       |       |       |       |   131 |    20 ||   151
       Summon Small Mamm |       |       |       |     7 |     4 ||    11
       Passwall          |       |       |       |     4 |       ||     4
       Olgreb's Toxic Ra |       |       |       |    30 |    24 ||    54
       Dazzling Flash    |       |       |       |     1 |       ||     1
       Fulminant Prism   |       |       |       |     4 |     2 ||     6
       Cause Fear        |       |       |       |     1 |       ||     1
       Iron Shot         |       |       |       |       |    29 ||    29
Invok: Curse Item        |       |     1 |     3 |     7 |       ||    11
       Shatter the Chain |       |       |       |     4 |       ||     4
 Abil: Breathe Steam     |       |       |    25 |    80 |     8 ||   113
Evoke: Box of beasts     |       |       |       |     1 |       ||     1
       Phantom mirror    |       |       |       |     1 |       ||     1
       Phial of floods   |       |       |       |       |     1 ||     1
  Use: Scroll            |     7 |     1 |     2 |     2 |     1 ||    13
       Potion            |       |       |       |       |     1 ||     1
 Stab: Sleeping          |       |       |       |    11 |       ||    11
Armor: Skin              |     9 |     8 |    27 |    55 |    48 ||   147
Dodge: Dodged            |    28 |     6 |    47 |   118 |   124 ||   323
Block: Buckler           |       |       |       |     7 |       ||     7
